 Dungeon Crawl Stone Soup version 0.19.5 (webtiles) character file.

34 tidbits the Skirmisher (level 3, -5/26 HPs)
             Began as a High Elf Wanderer on Aug 8, 2017.
             Slain by a sky beast (6 damage)
             ... on level 3 of the Dungeon.
             The game lasted 00:04:06 (568 turns).

tidbits the Skirmisher (High Elf Wanderer)           Turns: 568, Time: 00:04:06

Health: -5/26      AC:  3    Str: 12    XL:     3   Next: 14%
Magic:  5/5        EV: 12    Int: 16    God:
Gold:   39         SH:  0    Dex: 14    Spells: 0 memorised, 2 levels left

rFire  . . .     SeeInvis .     a - +2 quarterstaff
rCold  . . .     Gourm    .     B - +0 leather armour
rNeg   . . .     Faith    +     (shield currently unavailable)
rPois  .         Spirit   .     (no helmet)
rElec  .         Reflect  .     (no cloak)
rCorr  .         Harm     .     (no gloves)
MR     .....                    (no boots)
Stlth  +.........               k - amulet of faith
                                (no ring)
                                (no ring)

@: flying, drained
A: no striking features
a: no special abilities


You were on level 3 of the Dungeon.
You were not hungry.

You visited 1 branch of the dungeon, and saw 4 of its levels.

You collected 39 gold pieces.

Inventory:

Hand Weapons
 a - a +2 quarterstaff (weapon)
 e - a +0 short sword
   (You found it on level 1 of the Dungeon)
 i - a +0 spear
   (You found it on level 1 of the Dungeon)
 n - a +1 dagger of draining
   (You took it off a kobold on level 1 of the Dungeon)
Missiles
 d - 71 arrows
 g - 22 stones (quivered)
 p - 30 poisoned needles
Armour
 B - a +0 leather armour (worn)
   (You found it on level 1 of the Dungeon)
Jewellery
 k - an amulet of faith (around neck)
   (You found it on level 1 of the Dungeon)
Scrolls
 j - a scroll of immolation {unknown}
 l - a scroll of amnesia {unknown}
 m - a scroll of enchant armour {unknown}
Potions
 b - a potion of curing
 c - a potion of lignification
 h - 2 potions of flight
 o - a potion of heal wounds {unknown}
Comestibles
 f - 2 bread rations


   Skills:
 + Level 3.3(3.1) Fighting
 - Level 3.0(2.8) Staves
 - Level 3.0(2.8) Dodging
 - Level 1.1(0.9) Stealth
   Level 2.0(1.8) Evocations


You had 2 spell levels left.
You didn't know any spells.

Dungeon Overview and Level Annotations

Branches:
Dungeon (4/15)
 Temple: D:4-7

Altars:

Annotations:
D:2 Terence


Message History

The worm is severely wounded.
The worm bites you.
* * * LOW HITPOINT WARNING * * *
You thump the worm!
You kill the worm!
You have reached level 3!
Your experience leads to an increase in your attributes!
Increase (S)trength, (I)ntelligence, or (D)exterity?
You feel stronger.
You feel clever.
Unknown command.
There is a stone staircase leading down here.
You climb downwards.
A frilled lizard comes into view.
Found a murky ruby potion.
There is a stone staircase leading up here.
You see here a murky ruby potion.
o - a murky ruby potion The helpless frilled lizard fails to defend itself.
You hit the frilled lizard.
You kill the frilled lizard!
Found a robe.
Found 14 poisoned needles.
You see here 14 poisoned needles.
p - 14 poisoned needles
Found a stone staircase leading down.
There is a stone staircase leading down here.
There is a stone staircase leading down here.
You climb downwards.
A frilled lizard comes into view.
The frilled lizard hisses angrily.
Found 16 poisoned needles and a puce potion.
There is a stone staircase leading up here.
The frilled lizard barely misses you.
Found a stone staircase leading up.
A frilled lizard comes into view.
You miss the frilled lizard.
The frilled lizard hisses angrily.
The frilled lizard closely misses you.
The frilled lizard moves out of view.
You closely miss the frilled lizard.
The frilled lizard completely misses you.
You hit the frilled lizard.
You kill the frilled lizard!
You barely miss the frilled lizard. The frilled lizard closely misses you.
You closely miss the frilled lizard.
The frilled lizard completely misses you.
You hit the frilled lizard.
You kill the frilled lizard!
Things that are here:
a frilled lizard corpse x2
Found a bread ration.
p - 30 poisoned needles (gained 16)
An adder skeleton comes into view.
The adder skeleton moves out of view.
You see here a bread ration.
You see here a bread ration.
f - 2 bread rations (gained 1)
A dart slug comes into view.
The dart slug launches a dart at you. The slug dart misses you.
You hit the adder skeleton.
The adder skeleton is lightly damaged.
The adder skeleton closely misses you. The adder skeleton barely misses you.
The dart slug moves out of view.
You thump the adder skeleton!
The adder skeleton is heavily damaged.
The adder skeleton misses you.
A sky beast comes into view.
The adder skeleton barely misses you.
You hit the adder skeleton.
The adder skeleton is almost destroyed.
The adder skeleton barely misses you. The adder skeleton closely misses you.
The sky beast flickers out of sight!
Deactivating autopickup; reactivate with Ctrl-A.
Found 17 gold pieces and 26 stones.
The adder skeleton bites you.
There is a stone staircase leading up here.
The adder skeleton barely misses you.
You climb upwards.
Found a scroll labeled AVYOCE BEMPE.
There is a stone staircase leading down here.
You climb downwards.
The adder skeleton barely misses you.
There is a stone staircase leading up here.
You sock the adder skeleton!
You destroy the adder skeleton!
Something hits you. Something shocks you.
* * * LOW HITPOINT WARNING * * *
You climb upwards.
There is a stone staircase leading down here.
Unknown command.
Something hits you.
* * * LOW HITPOINT WARNING * * *
Something shocks you.
* * * LOW HITPOINT WARNING * * *
It was a potion of flight.
You feel very buoyant.
You fly up into the air.
Something hits you.
* * * LOW HITPOINT WARNING * * *
Something shocks you.
You die...

#######
......
#....#
#....#
#....#
#....#
###.#
#...@##
......
+...{>#
###.#.
#.....#
#......
#...?..#
#......# .
.....#..#
#
#######..#
#..#


There were no monsters in sight!

Vanquished Creatures
  An adder (D:2)
  An adder skeleton (D:4)
  A worm (D:2)
  A leopard gecko (D:1)
  A bat (D:1)
  A giant cockroach (D:1)
  A goblin (D:1)
  2 hobgoblins (D:1)
  A ball python (D:1)
  4 frilled lizards
  4 kobolds (D:1)
  3 rats
21 creatures vanquished.

Notes
Turn   | Place    | Note
-------+----------+-------------------------------------------
     0 | D:1      | tidbits the High Elf Wanderer began the quest for the Orb.
     0 | D:1      | tidbits set off with: a +2 quarterstaff, a potion of curing, a potion of lignification, a +0 robe, a bread ration
     0 | D:1      | Reached XP level 1. HP: 16/16 MP: 3/3
    68 | D:1      | Reached skill level 2 in Dodging
   219 | D:2      | Noticed Terence
   229 | D:2      | Reached XP level 2. HP: 16/21 MP: 4/4
   345 | D:1      | Reached skill level 3 in Dodging
   471 | D:2      | Reached XP level 3. HP: 11/26 MP: 5/5
   551 | D:4      | Noticed a sky beast
   568 | D:3      | HP: 1/26 [something (3)]
   568 | D:3      | Slain by a sky beast

Skill      XL: |  1  2 |
---------------+-------+-----
Dodging        | 2 3 |  3.0
Fighting       | |  3.3
Staves         | |  3.0
Stealth        | |  1.1
Evocations     | |  2.0

Action                   || total
-------------------------++-------
Melee: Quarterstaff      ||    47
  Use: Scroll            ||     1
       Potion            ||     1
 Stab: Sleeping          ||     3
Armor: Robe              ||     4
       Leather armour    ||     4
Dodge: Dodged            ||    28

Table legend:
 A = Turns spent in this place as a percentage of turns spent in the entire game.
 B = Non-inter-level travel turns spent in this place as a percentage of non-inter-level travel turns spent in the entire game.
 C = Inter-level travel turns spent in this place as a percentage of turns spent in this place.
 D = Turns resting spent in this place as a percentage of non-inter-level travel turns spent in this place.
 E = Turns spent auto-exploring this place as a percentage of non-inter-level travel turns spent in this place.
 F = Non-inter-level travel turns spent in this place divided by the number of levels of this place that you've seen.
                   A       B       C       D       E      F
               +-------+-------+-------+-------+-------+----------------------
         Total | 100.0 | 100.0 |   0.2 |   0.0 |   0.0 | 128.0
       Dungeon | 100.0 | 100.0 |   0.2 |   0.0 |   0.0 | 128.0
               +-------+-------+-------+-------+-------+----------------------

Table legend:
 A = Kills in this place as a percentage of kills in entire the game.
 B = Kills by you in this place as a percentage of kills by you in the entire game.
 C = Kills by friends in this place as a percentage of kills by friends in the entire game.
 D = Other kills in this place as a percentage of other kills in the entire game.
 E = Experience gained in this place as a percentage of experience gained in the entire game.
 F = Experience gained in this place divided by the number of levels of this place that you have seen.
                   A       B       C       D       E      F
               +-------+-------+-------+-------+-------+----------------------
         Total | 100.0 | 100.0 |  -nan |  -nan | 100.0 |  12.2
       Dungeon | 100.0 | 100.0 |  -nan |  -nan | 100.0 |  12.2
               +-------+-------+-------+-------+-------+----------------------

Vault maps used:
D:1:      minmay_arrival_solitary_statue, minmay_split_cup_large
D:2:      kennysheep_the_goblin_king, ecumenical_altar_1, uniq_terence
D:4:      first_bread, serial_curves, eino_curves_04, eino_curves_04,
          dk_vineyard_2, serial_bayou_pond_c
